 Dungeon Crawl Stone Soup version 0.23-a0-356-g1757c6e (webtiles) character file.

519 Cryolive the Digger (level 7, -9/36 HPs)
             Began as a Gargoyle Earth Elementalist on Oct 21, 2018.
             Shot with an arrow by a centaur (14 damage)
             ... on level 5 of the Dungeon.
             The game lasted 00:20:04 (4655 turns).

Cryolive the Digger (Gargoyle Earth Elementalist)   Turns: 4655, Time: 00:20:04

Health: -9/36      AC:  6    Str: 11    XL:     7   Next: 21%
Magic:  11/14      EV: 12    Int: 18    God:
Gold:   136        SH:  0    Dex: 10    Spells: 15/16 levels left

rFire    . . .     SeeInvis .   u - +2 flail (holy)
rCold    . . .     Gourm    .   (no shield)
rNeg     + . .     Faith    .   c - +0 robe
rPois    ∞         Spirit   .   (no helmet)
rElec    +         Reflect  .   (no cloak)
rCorr    .         Harm     .   (no gloves)
MR       .....                  (no boots)
Stlth    ++........             (no amulet)
HPRegen  0.12/turn              (no ring)
MPRegen  0.14/turn              (no ring)

@: no status effects
A: negative energy resistance 1, electricity resistance, unbreathing,
petrification resistance, rot immunity, AC +4
a: no special abilities


You were on level 5 of the Dungeon.
You were not hungry.

You visited 1 branch of the dungeon, and saw 5 of its levels.

You collected 178 gold pieces.
You spent 42 gold pieces at shops.

Inventory:

Hand Weapons
 k - a +1 dagger of flaming
 u - a +2 flail of holy wrath (weapon)
Missiles
 b - 198 stones (quivered)
Armour
 c - a +0 robe (worn)
 m - a +3 chain mail
Jewellery
 j - a +4 ring of protection {unknown}
 l - an uncursed ring of fire {unknown}
Wands
 v - a wand of enslavement (11)
Scrolls
 a - 2 scrolls of identify {unknown}
 e - 2 scrolls of teleportation {unknown}
 f - 2 scrolls of amnesia {unknown}
 i - a scroll of magic mapping {unknown}
 n - a scroll of fear {unknown}
 o - 2 scrolls of enchant weapon {unknown}
 p - a scroll of noise {unknown}
 q - a scroll of immolation
 r - a scroll of blinking {unknown}
 s - a scroll of remove curse {unknown}
Potions
 g - 4 potions of cancellation {unknown}
 h - a potion of mutation {unknown}
 t - a potion of invisibility {unknown}
Comestibles
 d - 5 rations


   Skills:
 - Level 1.5 Dodging
 - Level 2.1 Stealth
 + Level 5.1 Spellcasting
   Level 0.7 Transmutations
 + Level 7.2 Earth Magic


You had 15 spell levels left.
You knew the following spells:

 Your Spells              Type           Power        Failure   Level  Hunger
a - Sandblast             Erth           ####..       1%          1    None

Your spell library contained the following spells:

 Spells                   Type           Power        Failure   Level  Hunger
 Passwall                 Tmut/Erth      ###.....     3%          2    #......
 Stone Arrow              Conj/Erth      ###...       9%          3    ##.....
 Lee's Rapid Deconstruct  Erth           ####......   19%         5    ######.
 Petrify                  Tmut/Erth      ###.....     26%         4    ####...


Dungeon Overview and Level Annotations

Branches:
Dungeon (5/15)             Temple (0/1) D:5

Altars:
Hepliaklqana
Okawaru

Shops:
D:4 *


Innate Abilities, Weirdness & Mutations

You are resistant to torment.
Your stone body is resilient. (AC +4)
You are immune to poison.
You resist negative energy. (rN+)
You are resistant to electric shocks. (rElec)
You can survive without breathing.
You are immune to petrification.
You are immune to rotting.


Message History

Aimin': Sandblast (safe; 1% risk o' failure)
Press: ? - help, Shift-Dir - straight line, f/p - centaur
Aim: a centaur, wieldin' a +0 shortbow Tha blast o' sand hits tha centaur.
Tha centaur be severely wounded.
b - 199 stones Tha centaur shoots an arrow.
Tha arrow hits ye!
* * * LOW HITPOINT WARNIN'
* * * Tha centaur shoots an arrow.
Tha arrow hits ye.
* * * LOW HITPOINT WARNIN'
* * * Castin': Sandblast (safe; 1% risk o' failure) Confirm wit' . or Enter, or press ? or * ta list all spells.
Aimin': Sandblast (safe; 1% risk o' failure)
Press: ? - help, Shift-Dir - straight line, f/p - centaur
Aim: a centaur, wieldin' a +0 shortbow (severely wounded) Tha blast o' sand hits tha centaur.
Tha centaur be almost dead.
b - 198 stones Tha centaur shoots an arrow.
Tha arrow hits ye!
Ye die...

############
#.c......?.#
#.##@##.##.#
#########.#.........
#.......(((.........
#.....#####..⌠...⌠..
##.....# #.........
#......# .....>....
#......# #.........
#......# #..⌠...⌠..
##......# .......


You could see a centaur.

Vanquished Creatures
  Sigmund (D:3)
  4 orc wizards
  2 centaur skeletons
  A worker ant (D:5)
  8 adders
  An ooze (D:3)
  A worm (D:3)
  4 dart slugs (D:1)
  A leopard gecko (D:5)
  11 orcs
  3 ball pythons
  4 giant cockroaches
  3 goblins
  6 hobgoblins
  6 jackals (D:1)
  8 kobolds
  3 quokkas
  8 bats
  4 frilled lizards
  8 rats
87 creatures vanquished.

Notes
Turn   | Place    | Note
-------+----------+-------------------------------------------
     0 | D:1      | Cryolive the Gargoyle Earth Elementalist began the quest
                  | for the Orb.
     0 | D:1      | Reached XP level 1. HP: 10/10 MP: 3/3
   146 | D:1      | Reached XP level 2. HP: 3/15 MP: 0/5
   214 | D:1      | Reached skill level 4 in Earth Magic
   612 | D:1      | Reached XP level 3. HP: 11/19 MP: 6/6
  1419 | D:2      | Reached XP level 4. HP: 24/24 MP: 6/8
  1503 | D:2      | Reached skill level 5 in Earth Magic
  1882 | D:2      | Reached XP level 5. HP: 21/28 MP: 10/10
  2647 | D:3      | Noticed Sigmund
  2675 | D:3      | Killed Sigmund
  2675 | D:3      | Reached skill level 6 in Earth Magic
  2675 | D:3      | Reached XP level 6. HP: 9/32 MP: 4/12
  3524 | D:4      | Found Kuosy's General Store.
  3539 | D:4      | Bought a scroll of immolation for 42 gold pieces
  3919 | D:4      | Found an iron altar of Okawaru.
  4343 | D:4      | Reached skill level 7 in Earth Magic
  4343 | D:4      | Reached XP level 7. HP: 29/36 MP: 10/14
  4351 | D:4      | Reached skill level 5 in Spellcasting
  4459 | D:4      | Found a hazy altar of Hepliaklqana.
  4535 | D:5      | Entered Level 5 of the Dungeon
  4633 | D:5      | Found a staircase to the Ecumenical Temple.
  4655 | D:5      | Shot with an arrow by a centaur

Vault maps used:
D:1:      lemuel_arrival_rhombus
D:3:      uniq_sigmund
D:4:      marbit_many_paths, first_ration, serial_shops, nicolae_shop_crystal,
          okawaru_trees_1
D:5:      minmay_temple_entry_large_hall, gammafunk_ghost_necromancy

Skill      XL: |  1  2  3  4  5  6  7 |
---------------+----------------------+-----
Earth Magic    | 4 5 6 7 |  7.2
Spellcasting   | 3 4 5 |  5.1
Dodging        | |  1.5
Stealth        | |  2.1
Transmutations | |  0.7

Action                   |  1- 3 |  4- 6 |  7- 9 || total
-------------------------+-------+-------+-------++-------
Melee: Unarmed           |    26 |       |       ||    26
       Club              |    62 |       |       ||    62
       Whip              |    52 |    91 |       ||   143
       Dagger            |       |    95 |     2 ||    97
       Flail             |       |     5 |    18 ||    23
 Cast: Sandblast         |    19 |    19 |     7 ||    45
 Stab: Sleeping          |     2 |     3 |       ||     5
  Eat: Ration            |     1 |     2 |       ||     3
       Chunk             |       |     1 |     1 ||     2
Armor: Robe              |    62 |    52 |     8 ||   122
Dodge: Dodged            |   111 |   130 |    20 ||   261

Table legend:
 A = Non-vault XP
 B = Vault XP
 C = Vault XP percentage of total XP
 D = Non-vault monster count
 E = Vault monster count
 F = Vault count percentage of total count
                 A         B        C        D         E       F
            +---------+---------+-------+---------+---------+-------
      Total |     515 |     227 |  30.6 |      86 |       1 |   1.1
            +---------+---------+-------+---------+---------+-------
        D:1 |      41 |       0 |   0.0 |      19 |       0 |   0.0
        D:2 |     141 |       0 |   0.0 |      29 |       0 |   0.0
        D:3 |     142 |     227 |  61.5 |      28 |       1 |   3.4
        D:4 |     115 |       0 |   0.0 |       7 |       0 |   0.0
        D:5 |      76 |       0 |   0.0 |       3 |       0 |   0.0
            +---------+---------+-------+---------+---------+-------
